 Dungeon Crawl Stone Soup version 0.25-a0-668-gea548f19b6 (webtiles) character file.

Game seed: 9247594298918987251, levelgen mode: deterministic

4545 Esekla the Slasher (level 10, -3/63 HPs)
             Began as an Octopode Venom Mage on Mar 28, 2020.
             Was a Believer of Vehumet.
             Slain by a killer bee (8 damage)
             ... on level 10 of the Dungeon.
             The game lasted 01:19:28 (9087 turns).

Esekla the Slasher (Octopode Venom Mage)            Turns: 9087, Time: 01:19:28

Health: -3/63      AC:  3    Str: 10    XL:     10   Next: 40%
Magic:  24/28      EV: 15    Int: 20    God:    Vehumet [**....]
Gold:   398        SH:  0    Dex: 16    Spells: 9/21 levels left

rFire    + . .     SeeInvis .   v - +7 long sword of the Ecumenical Temple {venom, rElec Dex+3 Stlth+}
rCold    . . .     Gourm    .   (no shield)
rNeg     . . .     Faith    .   (helmet restricted)
rPois    .         Spirit   .   (no amulet)
rElec    +         Reflect  .   q - ring of protection from fire
rCorr    .         Harm     .   x - ring of magical power
MR       .....     Rnd*Rage +   y - ring of stealth
Stlth    ++++++....             (no ring)
HPRegen  0.20/turn              (no ring)
MPRegen  0.21/turn              (no ring)
                                (no ring)
                                (no ring)

@: no status effects
A: almost no armour, stealthy swim, amphibious, 8 rings, constrict 8, thin
metallic scales 1, camouflage 1, berserk 1, clever 1, gelatinous body 1,
MP-powered wands
a: Renounce Religion


You were on level 10 of the Dungeon.
You worshipped Vehumet.
Vehumet was pleased with you.
You were not hungry.

You visited 2 branches of the dungeon, and saw 11 of its levels.

You collected 660 gold pieces.
You spent 262 gold pieces at shops.

Inventory:

Hand Weapons
 v - the +7 long sword of the Ecumenical Temple (weapon) {venom, rElec Dex+3 Stlth+}
   (You bought it in a shop on level 4 of the Dungeon)

   It poisons the flesh of those it strikes.
   It affects your dexterity (+3).
   It insulates you from electricity.
   It makes you more stealthy.
 B - a +5 scimitar of freezing
 C - a +6 spear
Missiles
 g - 2 boomerangs (quivered)
Jewellery
 q - a ring of protection from fire (left tentacle)
 x - a ring of magical power (right tentacle)
 y - a ring of stealth (on tentacle)
Wands
 r - a wand of iceblast (6)
 z - a wand of clouds (4)
Scrolls
 d - 8 scrolls of teleportation
 f - 3 scrolls of remove curse
 l - a scroll of fear {unknown}
 n - 2 scrolls of magic mapping
 s - 2 scrolls of blinking {unknown}
 u - a scroll of vulnerability {unknown}
Potions
 c - 3 potions of haste
 e - a potion of curing
 h - 3 potions of lignification
 k - 2 potions of resistance
 p - 2 potions of flight
 w - 2 potions of berserk rage
 A - a potion of stabbing
Comestibles
 b - 14 rations


   Skills:
 + Level 3.7 Fighting
   Level 2.0(4.8) Short Blades
 * Level 6.9(7.1) Long Blades
 * Level 4.2 Dodging
 + Level 6.6 Stealth
 * Level 6.0 Spellcasting
 * Level 4.6 Conjurations
 * Level 2.7 Charms
 + Level 2.0 Translocations
   Level 1.0 Transmutations
 + Level 4.5 Air Magic
 + Level 6.1 Poison Magic


You had 9 spell levels left.
You knew the following spells:

 Your Spells              Type           Power        Failure   Level  Hunger
a - Apportation           Tloc           ##....       4%          1    None
b - Iskenderun's Battles  Conj/Chrm      ###.....     54%         5    #####..
c - Mephitic Cloud        Conj/Pois/Air  ####....     3%          3    ##.....
d - Magic Dart            Conj           ###.         1%          1    None
v - Poisonous Vapours     Pois/Air       ####..       1%          2    None

Your spell library contained the following spells:

 Spells                   Type           Power        Failure   Level  Hunger
 Sandblast                Erth           #.....       11%         1    None
 Sting                    Tmut/Pois      ###.         2%          1    None
 Olgreb's Toxic Radiance  Pois           ####....     9%          4    ####...
 Animate Skeleton         Necr           N/A          11%         1    None
 Corona                   Hex            #......      11%         1    None
 Summon Small Mammal      Summ           #...         11%         1    None
 Ignite Poison            Fire/Tmut/Pois ###.....     12%         3    ##.....
 Bolt of Magma            Conj/Fire/Erth ##........   83%         5    #####..
 Iron Shot                Conj/Erth      ###.......   99%         6    #######
 Orb of Destruction       Conj           ###.......   100%        7    #######
 Spellforged Servitor     Conj/Summ      ###.......   100%        7    #######


Dungeon Overview and Level Annotations

Branches:
Dungeon (10/15)            Temple (1/1) D:4            Lair (0/6) D:9
    Orc: D:9-12

Altars:
Ashenzari
Cheibriados
Dithmenos
Elyvilon
Fedhas
Gozag
Hepliaklqana
Kikubaaqudgha
Makhleb
Nemelex Xobeh
Okawaru
Qazlal
Ru
Sif Muna
Trog
Uskayaw
Vehumet
Wu Jian
Xom
Yredelemnul
Zin
The Shining One

Shops:
D:4 %?=(

Annotations:
D:4 2 runed translucent doors, Tenar's ghost, novice GrEE


Innate Abilities, Weirdness & Mutations

You cannot wear most types of armour.
You are very stealthy in the water. (Stealth+)
You are amphibious.
You can wear up to eight rings at the same time.
You can use your tentacles to constrict eight enemies at once.
Your skin changes colour to match your surroundings (Stealth+).
Your rubbery body absorbs attacks. (AC +1, EV +1)
You are partially covered in thin metallic scales. (AC +2)
You tend to lose your temper in combat.
Your mind is acute. (Int +2)
You expend magic power (3 MP) to strengthen your wands.


Message History

* * * LOW HITPOINT WARNING * * *
You are lethally poisoned!
The killer bee poisons you! The killer bee stings you.
* * * LOW HITPOINT WARNING * * *
Okay, then.
* * * LOW HITPOINT WARNING * * *
You feel sick.
You feel better. The killer bee stings you.
* * * LOW HITPOINT WARNING * * *
The killer bee stings you.
* * * LOW HITPOINT WARNING * * *
Casting: Poisonous Vapours (safe; 1% risk of failure)
Confirm with . or Enter, or press ? or * to list all spells.
Aiming: Poisonous Vapours (safe; 1% risk of failure)
Press: ? - help, Dir - move target cursor, f - killer bee
Aim: a killer bee (almost dead) Poisonous vapours surround the killer bee!
The killer bee is engulfed in poison gas.
The killer bee is poisoned.
The killer bee stings you!
You die...

### ..# #. #.# ###.#
#####.## ......####
#......#
.......†.###......#
......##yy@(......#########
..... #####..............#
.... #......#######.. ...
#......# ### ## #......# #
########


You could see 2 killer bees.

Vanquished Creatures
  A hornet (D:10)
  Grinder (D:6)
  Prince Ribbit (D:5)
  A steam dragon (D:10)
  A hungry ghost (D:7)
  Edmund (D:5)
  A water moccasin (D:7)
  A sky beast (D:8)
  2 ice beasts
  4 phantoms
  A black bear (D:9)
  An orc warrior (D:10)
  3 ogres
  2 centaurs
  5 bullfrogs
  A water moccasin zombie (D:10)
  2 scorpions
  12 killer bees
  5 wights (D:6)
  3 howler monkeys (D:10)
  3 crimson imps
  4 hounds
  4 orc priests
  A bullfrog skeleton (D:5)
  A jelly (D:7)
  Jessica (D:3)
  3 orc wizards
  6 worker ants
  4 iguanas
  A hound skeleton (D:5)
  A howler monkey zombie (D:6)
  A worker ant zombie (D:6)
  4 adders
  2 shadow imps
  2 oozes
  2 worms (D:2)
  6 leopard geckos
  16 orcs
  4 giant cockroaches
  7 goblins
  6 hobgoblins
  14 jackals
  7 kobolds
  5 quokkas
  2 ball pythons (D:2)
  8 bats
  2 frilled lizards
  7 rats
  A spectral orc (D:5)
174 creatures vanquished.

Notes
Turn   | Place    | Note
-------+----------+-------------------------------------------
     0 | D:1      | Esekla the Octopode Venom Mage began the quest for the Orb.
     0 | D:1      | Reached XP level 1. HP: 11/11 MP: 3/3
   156 | D:1      | Reached XP level 2. HP: 6/18 MP: 3/5
   166 | D:1      | Learned a level 2 spell: Poisonous Vapours
   619 | D:1      | Reached skill level 1 in Fighting
   797 | D:2      | Reached XP level 3. HP: 22/23 MP: 3/6
   806 | D:2      | Learned a level 3 spell: Mephitic Cloud
   909 | D:2      | Found a sparkling altar of Nemelex Xobeh.
  1431 | D:3      | Reached XP level 4. HP: 28/28 MP: 7/7
  1601 | D:3      | Noticed Jessica
  1779 | D:3      | Killed Jessica
  1843 | D:3      | Reached skill level 1 in Short Blades
  1934 | D:3      | Gained mutation: Potions are less effective at restoring
                  | your health. [potion of mutation]
  1934 | D:3      | Gained mutation: Your spells are a little harder to cast,
                  | but a little more powerful. [potion of mutation]
  1935 | D:3      | Lost mutation: Your spells are a little harder to cast, but
                  | a little more powerful. [potion of mutation]
  1935 | D:3      | Lost mutation: Potions are less effective at restoring your
                  | health. [potion of mutation]
  1935 | D:3      | Gained mutation: You are partially covered in thin metallic
                  | scales. (AC +2) [potion of mutation]
  1935 | D:3      | Gained mutation: You tend to lose your temper in combat.
                  | [potion of mutation]
  1935 | D:3      | Gained mutation: You expend magic power (3 MP) to
                  | strengthen your wands. [potion of mutation]
  1935 | D:3      | Gained mutation: Your mind is acute. (Int +2) [potion of
                  | mutation]
  2233 | D:4      | Found Gagry's Antique Weapon Boutique.
  2234 | D:4      | Found Nuog's Jewellery Boutique.
  2235 | D:4      | Found Uzxor's Magic Scroll Boutique.
  2244 | D:4      | Found Kyfec's Food Boutique.
  2409 | D:4      | Found a stormy altar of Qazlal.
  2474 | D:4      | Reached skill level 1 in Air Magic
  2474 | D:4      | Reached XP level 5. HP: 34/34 MP: 4/9
  2539 | D:4      | Reached skill level 1 in Conjurations
  2679 | D:4      | Found a staircase to the Ecumenical Temple.
  2696 | D:4      | Found a runed translucent door.
  2711 | D:4      | Noticed Tenar's ghost (novice GrEE)
  2922 | D:4      | Found a runed translucent door.
  3088 | D:5      | Entered Level 5 of the Dungeon
  3103 | D:5      | Reached XP level 6. HP: 37/39 MP: 3/10
  3245 | D:5      | Noticed Prince Ribbit
  3280 | D:5      | Killed Prince Ribbit
  3280 | D:5      | Reached XP level 7. HP: 25/45 MP: 1/12
  3508 | Temple   | Entered the Ecumenical Temple
  3728 | Temple   | Became a worshipper of Elyvilon the Healer
  3819 | D:5      | Noticed Edmund
  3831 | D:5      | Killed Edmund
  3995 | D:5      | Reached skill level 5 in Poison Magic
  4059 | D:5      | Reached XP level 8. HP: 29/52 MP: 2/14
  4213 | D:5      | Found a basalt altar of Yredelemnul.
  4257 | D:6      | Reached * piety under Elyvilon
  4319 | D:4      | Bought a dazzling long sword for 238 gold pieces
  4319 | D:4      | Identified the +7 long sword of the Ecumenical Temple
                  | {venom, rElec Dex+3 Stlth+} (You bought it in a shop on
                  | level 4 of the Dungeon)
  4363 | Temple   | Fell from the grace of Elyvilon
  4363 | Temple   | Became a worshipper of Vehumet
  4724 | D:6      | Noticed Grinder
  4844 | D:7      | Reached skill level 1 in Long Blades
  5096 | D:7      | Reached skill level 5 in Stealth
  5283 | D:7      | Learned a level 5 spell: Iskenderun's Battlesphere
  5345 | D:6      | Noticed a +0 hand axe
  5346 | D:6      | Noticed a +0 dagger
  5349 | D:6      | Found a hide-covered altar of Uskayaw.
  5621 | D:7      | Reached skill level 5 in Spellcasting
  5814 | D:7      | Reached skill level 1 in Charms
  5814 | D:7      | Reached XP level 9. HP: 31/57 MP: 16/16
  6329 | D:6      | Paralysed by Grinder for 4 turns
  6337 | D:6      | Killed Grinder
  6644 | D:4      | Bought a scroll of identify for 24 gold pieces
  7212 | D:8      | Found an iron altar of Okawaru.
  7222 | D:8      | Learned a level 1 spell: Apportation
  7271 | D:8      | Found a burning altar of Makhleb.
  7361 | D:8      | Reached skill level 5 in Long Blades
  7387 | D:8      | Found a shattered altar of Ashenzari.
  7467 | D:8      | Reached * piety under Vehumet
  7467 | D:8      | Offered knowledge of Magic Dart by Vehumet.
  7473 | D:8      | Learned a level 1 spell: Magic Dart
  7478 | D:8      | Found an ornate altar of the Wu Jian Council.
  7572 | D:9      | Found a shadowy altar of Dithmenos.
  7663 | D:9      | Found a bloodstained altar of Trog.
  7732 | D:9      | Reached skill level 1 in Translocations
  7998 | D:9      | Reached XP level 10. HP: 56/63 MP: 18/18
  8079 | D:9      | Found a staircase to the Lair.
  8393 | D:10     | Entered Level 10 of the Dungeon
  8711 | D:10     | Reached ** piety under Vehumet
  8727 | D:10     | Offered knowledge of Sandblast by Vehumet.
  9085 | D:10     | HP: 2/63 [poisoned by a killer bee]
  9087 | D:10     | Slain by a killer bee

Levels and vault maps discovered:
D:1:      minmay_arrival_shattered_statue, layout_rooms
D:2:      layout_basic, lemuel_round_altar
D:3:      layout_loops_cross, first_ration, uniq_jessica
D:4:      layout_gridville, grunt_qazlal_clouds,
          minmay_temple_entry_stoned_glass, ebering_ghost_sewer_f,
          minmay_shop_grid_forest
D:5:      layout_cave_pools, yredelemnul_forgotten_temple_becter, uniq_edmund,
          uniq_prince_ribbit1
D:6:      layout_basic, dancing_weapons_uskayaw, serial_curves, eino_curves_01,
          eino_curves_04, serial_park_tiny_1, uniq_grinder
D:7:      layout_basic
D:8:      layout_rooms, kennysheep_little_box, lemuel_doored_altar,
          cheibrodos_ashenzari_chains, basic_altar
D:9:      layout_roguey, bloody_trog, nicolae_overflow_hidden_temple,
          lair_entry_dummy
D:10:     layout_roguey
Temple:   nicolae_temple_figure_eight

Skill      XL: |  1  2  3  4  5  6  7  8  9 10 |
---------------+-------------------------------+-----
Poison Magic   | 4 5 6 |  6.1
Fighting       | 1 2 3 |  3.7
Stealth        | 3 4 5 6 |  6.6
Short Blades   | 1 2 |  2.0
Air Magic      | 1 2 3 4 |  4.5
Spellcasting   | 3 4 5 6 |  6.0
Conjurations   | 1 2 3 4 |  4.6
Long Blades    | 2 6 |  6.9
Dodging        | 3 4 |  4.2
Charms         | 1 2 |  2.7
Translocations | 1 2 |  2.0
Transmutations | |  1.0

Action                   |  1- 3 |  4- 6 |  7- 9 | 10-12 || total
-------------------------+-------+-------+-------+-------++-------
Melee: Unarmed           |    18 |       |       |       ||    18
       Constrict         |    20 |    18 |    31 |    12 ||    81
       Tentacles         |     8 |    11 |    29 |    11 ||    59
       Short sword       |    49 |    58 |    13 |       ||   120
       Long sword        |       |       |   147 |    52 ||   199
 Cast: Sting             |     2 |       |       |       ||     2
       Poisonous Vapours |    14 |    23 |    42 |    10 ||    89
       Mephitic Cloud    |       |     3 |     3 |     2 ||     8
       Magic Dart        |       |       |     1 |     3 ||     4
  Use: Scroll            |       |     6 |     6 |     6 ||    18
       Potion            |       |     5 |     1 |     5 ||    11
 Stab: Sleeping          |     7 |     4 |    15 |     7 ||    33
       Confused          |       |     3 |       |     3 ||     6
       Distracted        |       |       |     2 |       ||     2
  Eat: Chunk             |     2 |     7 |    10 |     4 ||    23
       Ration            |       |       |     3 |       ||     3
Armor: Skin              |    11 |     5 |    23 |     6 ||    45
Dodge: Dodged            |    39 |    38 |    97 |    33 ||   207
       Rpst.: Long sword |       |       |    29 |     7 ||    36

Table legend:
 A = Non-vault XP
 B = Vault XP
 C = Vault XP percentage of total XP
 D = Non-vault monster count
 E = Vault monster count
 F = Vault count percentage of total count
                 A         B        C        D         E       F
            +---------+---------+-------+---------+---------+-------
      Total |    5718 |     776 |  11.9 |     169 |       5 |   2.9
            +---------+---------+-------+---------+---------+-------
        D:1 |      20 |       0 |   0.0 |      13 |       0 |   0.0
        D:2 |      60 |       0 |   0.0 |      23 |       0 |   0.0
        D:3 |      39 |      37 |  48.7 |      19 |       1 |   5.0
        D:4 |     155 |       0 |   0.0 |       7 |       0 |   0.0
        D:5 |     447 |     453 |  50.3 |      15 |       3 |  16.7
        D:6 |     754 |     286 |  27.5 |      15 |       1 |   6.2
        D:7 |     923 |       0 |   0.0 |      16 |       0 |   0.0
        D:8 |     411 |       0 |   0.0 |      10 |       0 |   0.0
        D:9 |    1728 |       0 |   0.0 |      31 |       0 |   0.0
       D:10 |    1181 |       0 |   0.0 |      20 |       0 |   0.0
            +---------+---------+-------+---------+---------+-------
